 Dungeon Crawl Stone Soup version 0.22-a0-866-geee50340df (webtiles) character file.

17567 PikkenKukken the Blocker (level 12, -15/145 HPs)
             Began as a Gnoll Fighter on July 27, 2018.
             Was a Believer of Kikubaaqudgha.
             Demolished by a spiny frog (16 damage)
             ... on level 5 of the Lair of Beasts on July 28, 2018.
             The game lasted 00:43:28 (13142 turns).

PikkenKukken the Blocker (Gnoll Fighter)           Turns: 13142, Time: 00:43:28

Health: -15/145    AC: 12    Str: 20    XL:     12   Next: 49%
Magic:  0/31       EV: 23    Int: 17    God:    Kikubaaqudgha [**....]
Gold:   819        SH:  0    Dex: 21    Spells: 8/25 levels left

rFire    . . .     SeeInvis .   F - +6 quarterstaff "Lukhyqe" {holy, MP+9 Str-4 Int+4 Dex+4}
rCold    . . .     Gourm    .   (shield currently unavailable)
rNeg     . . .     Faith    .   M - +0 troll leather armour
rPois    .         Spirit   +   G - +0 helmet
rElec    .         Reflect  .   E - +0 cloak
rCorr    .         Harm     .   Q - +2 pair of gloves
MR       .....                  (no boots)
Stlth    ..........             h - amulet of guardian spirit
HPRegen  0.74/turn              p - +5 ring of evasion
MPRegen  0.22/turn              R - ring of stealth

@: berserking (expiring), lethally poisoned (-15 -> -19), very quick
A: distributed training, fangs 1, strong nose
a: Receive Corpses, Renounce Religion


You were on level 5 of the Lair of Beasts.
You worshipped Kikubaaqudgha.
Kikubaaqudgha was pleased with you.
You were hungry.

You visited 3 branches of the dungeon, and saw 14 of its levels.
You also visited: Sewer.

You collected 819 gold pieces.

Inventory:

Hand Weapons
 x - a +0 short sword of electrocution
 F - the +6 quarterstaff "Lukhyqe" (weapon) {holy, MP+9 Str-4 Int+4 Dex+4}
   (You found it on level 5 of the Dungeon)

   It has been blessed by the Shining One to cause great damage to the undead
   and demons.
   It affects your strength (-4).
   It affects your intelligence (+4).
   It affects your dexterity (+4).
   It affects your magic capacity (+9).
Armour
 a - a +0 pair of gloves
 c - a +1 shield
 E - a +0 cloak (worn)
 G - a +0 helmet (worn)
 M - a +0 troll leather armour (worn)
 Q - a +2 pair of gloves (worn)
Jewellery
 h - an amulet of guardian spirit (around neck)
 p - a +5 ring of evasion (left hand)
 y - an uncursed ring of resist corrosion
 R - a ring of stealth (right hand)
Wands
 b - a wand of iceblast (8)
 H - a wand of digging (5)
 I - a wand of scattershot (7)
 P - a wand of disintegration (15)
Scrolls
 e - 4 scrolls of fear
 j - 9 scrolls of teleportation
 l - a scroll of amnesia
 m - 10 scrolls of blinking
 o - a scroll of magic mapping
 t - 2 scrolls of enchant weapon
 u - 3 scrolls of fog
 w - 5 scrolls of remove curse
 D - a scroll of enchant armour
Potions
 d - a potion of might
 g - a potion of ambrosia
 i - 2 potions of haste {unknown}
 k - 5 potions of brilliance
 n - 7 potions of curing
 q - 2 potions of lignification {unknown}
 r - 4 potions of heal wounds
 s - a potion of resistance {unknown}
 v - 3 potions of agility
 z - 2 potions of flight {unknown}
 A - 4 potions of berserk rage
 B - 3 potions of cancellation
 C - a potion of invisibility {unknown}
 J - a potion of degeneration {unknown}
 K - 3 potions of magic {unknown}
 L - 2 potions of mutation {unknown}
Miscellaneous
 N - a phantom mirror
Comestibles
 f - 21 rations
 O - 13 chunks of flesh


   Skills:
 + Level 9.8 Fighting
 + Level 8.6 Short Blades
 + Level 7.2 Long Blades
 + Level 7.2 Axes
 + Level 7.2 Maces & Flails
 + Level 7.2 Polearms
 + Level 7.2 Staves
 + Level 7.2 Slings
 + Level 7.2 Bows
 + Level 7.2 Crossbows
 + Level 7.2 Throwing
 + Level 9.8 Armour
 + Level 7.2 Dodging
 + Level 7.2 Stealth
 + Level 9.8 Shields
 + Level 7.2 Unarmed Combat
 + Level 7.2 Spellcasting
 + Level 6.0 Conjurations
 + Level 6.0 Hexes
 + Level 6.0 Charms
 + Level 6.0 Summonings
 + Level 6.0 Necromancy
 + Level 6.0 Translocations
 + Level 6.0 Transmutations
 + Level 6.0 Fire Magic
 + Level 6.0 Ice Magic
 + Level 6.0 Air Magic
 + Level 6.0 Earth Magic
 + Level 6.0 Poison Magic
 + Level 7.9 Invocations
 + Level 7.2 Evocations


You had 8 spell levels left.
You knew the following spells:

 Your Spells              Type           Power        Failure   Level  Hunger
a - Animate Skeleton      Necr           N/A          1%          1    None
b - Pain                  Necr           ####         1%          1    None
c - Mephitic Cloud        Conj/Pois/Air  ####....     3%          3    ##.....
d - Confuse               Hex            ####....     3%          3    ##.....
e - Animate Dead          Necr           N/A          11%         4    ####...
f - Regeneration          Chrm/Necr      ####......   3%          3    ##.....
g - Sublimation of Blood  Necr           ####......   1%          2    None

Your spell library contained the following spells:

 Spells                   Type           Power        Failure   Level  Hunger
 Conjure Flame            Conj/Fire      ####....     3%          3    ##.....
 Freezing Cloud           Conj/Ice/Air   ####......   86%         6    #######
 Ring of Flames           Chrm/Fire      ####......   100%        7    #######
 Vampiric Draining        Necr           ####......   3%          3    ##.....
 Tukima's Dance           Hex            ####....     3%          3    ##.....
 Ensorcelled Hibernation  Hex/Ice        ####..       1%          2    None
 Corona                   Hex            ####...      1%          1    None
 Dazzling Spray           Conj/Hex       ####..       3%          3    ##.....
 Poisonous Vapours        Pois/Air       ####..       1%          2    None


Dungeon Overview and Level Annotations

Branches:
Dungeon (8/15)             Temple (1/1) D:7            Lair (5/6) D:8
  Snake (0/4) Lair:4
  Swamp: Lair:2-4    Shoals: Lair:2-4     Slime: Lair:5-6

Altars:
Ashenzari
Cheibriados
Dithmenos
Elyvilon
Fedhas
Hepliaklqana
Kikubaaqudgha
Makhleb
Nemelex Xobeh
Okawaru
Qazlal
Ru
Sif Muna
Trog
Uskayaw
Vehumet
Wu Jian
Xom
Yredelemnul
The Shining One

Annotations:
D:3 1 runed door, markus1189's ghost, amateur MiBe
D:6 3 runed doors, Aequonox's ghost, novice DrCj


Innate Abilities, Weirdness & Mutations

Your experience applies equally to all skills.
You have very sharp teeth.
Your uncanny sense of smell can sniff out nearby items.


Message History

Unknown command.
You thump the elephant!
You kill the elephant!
Kikubaaqudgha accepts your kill.
You feel sick.
You bludgeon the spiny frog!! You bite the spiny frog!
The spiny frog is almost dead.
You feel sick.
The spiny frog stings you but does no damage.
The hippogriff bites you!
* * * LOW HITPOINT WARNING * * *
The hippogriff pecks you but does no damage.
The hippogriff claws you but does no damage.
You are too berserk!
You closely miss the spiny frog.
The spiny frog is almost dead.
* * * LOW HITPOINT WARNING * * *
You feel sick. The spiny frog stings you!
You die...
Kikubaaqudgha rasps: "You have failed me!
Welcome... death!"

PPP..## #..<.........###...
.P...P.##......# #....#.....
...............###....P....#
......#..........#.......P#.
....?.............P.%.P....##
............................#
...P....#...<...............#
....P.##.#....HP#.P..P#...... #
...#########..@#####..#.......#
......#.#....F.#.#......# #....
.......<............##.##......
......#.....#..######..........
P###. ##.####### #..#.....#. #
### #..##.8.8..# .... ......#
<..... ..>...# ...... ......#


You could see a hippogriff and a spiny frog.

Vanquished Creatures
  2 hydras
  An ugly thing (D:8)
  7 elephants
  A black mamba (Lair:3)
  Joseph (D:7)
  6 spiny frogs
  3 komodo dragons
  A troll (D:8)
  5 blink frogs
  2 hippogriffs
  A shadow (D:8)
  2 wyverns
  13 yaks
  Eustachio (D:6)
  Grum (D:8)
  A hungry ghost (D:7)
  A naga (Lair:4)
  2 hell hounds (Lair:2)
  2 water moccasins
  Duvessa (D:6)
  5 porcupines
  2 sky beasts
  19 wolves
  4 ogres
  A necrophage (D:7)
  2 crocodiles (Lair:4)
  A big kobold (Sewer)
  5 bullfrogs
  Dowan (D:6)
  A scorpion (D:5)
  A wyvern skeleton (D:8)
  3 wights (D:8)
  A howler monkey (D:7)
  3 electric eels
  2 crimson imps
  A quasit (D:7)
  A bullfrog zombie (D:6)
  6 hounds
  A gnoll shaman (D:6)
  3 orc priests
  7 orc wizards
  2 bullfrog skeletons (D:8)
  2 iguanas
  2 worker ants
  A howler monkey zombie (D:5)
  5 gnolls
  2 river rats (Sewer)
  5 adders
  2 shadow imps (D:5)
  An ooze (Sewer)
  2 worms
  6 dart slugs
  6 leopard geckos
  14 orcs
  7 ball pythons
  8 bats
  3 giant cockroaches
  9 hobgoblins
  11 jackals
  23 kobolds
  2 quokkas
  6 frilled lizards
  3 goblins
  A leopard gecko skeleton (D:4)
  29 rats
276 creatures vanquished.

Vanquished Creatures (collateral kills)
  A hydra (Lair:1)
  2 black mambas
  A blink frog (Lair:4)
  A yak (Lair:1)
  A water moccasin (Lair:4)
  2 porcupines
  A bullfrog (Lair:4)
9 creatures vanquished.

Vanquished Creatures (others)
  A fungus (Lair:5)
  2 plants
3 creatures vanquished.

Grand Total: 288 creatures vanquished

Notes
Turn   | Place    | Note
-------+----------+-------------------------------------------
     0 | D:1      | PikkenKukken the Gnoll Fighter began the quest for the Orb.
     0 | D:1      | Reached XP level 1. HP: 23/23 MP: 1/1
   143 | D:1      | Reached XP level 2. HP: 29/29 MP: 2/2
   517 | D:1      | Reached XP level 3. HP: 35/35 MP: 3/3
   832 | D:2      | Reached skill level 1 in Invocations
   933 | D:2      | Reached skill level 1 in Long Blades
   933 | D:2      | Reached skill level 1 in Axes
   933 | D:2      | Reached skill level 1 in Maces & Flails
   933 | D:2      | Reached skill level 1 in Polearms
   933 | D:2      | Reached skill level 1 in Staves
   933 | D:2      | Reached skill level 1 in Slings
   933 | D:2      | Reached skill level 1 in Bows
   933 | D:2      | Reached skill level 1 in Crossbows
   933 | D:2      | Reached skill level 1 in Throwing
   933 | D:2      | Reached skill level 1 in Dodging
   933 | D:2      | Reached skill level 1 in Stealth
   933 | D:2      | Reached skill level 1 in Unarmed Combat
   933 | D:2      | Reached skill level 1 in Spellcasting
   933 | D:2      | Reached skill level 1 in Evocations
  1037 | D:2      | Found a sparkling altar of Nemelex Xobeh.
  1054 | D:2      | Reached XP level 4. HP: 41/41 MP: 5/5
  1293 | D:2      | Found a shattered altar of Ashenzari.
  1293 | D:2      | Found a hide-covered altar of Uskayaw.
  1569 | D:2      | Found a blossoming altar of Fedhas.
  1714 | D:3      | Found a runed door.
  1724 | D:3      | Found a sacrificial altar of Ru.
  1770 | D:3      | Noticed markus1189's ghost (amateur MiBe)
  1785 | D:3      | Reached skill level 1 in Conjurations
  1785 | D:3      | Reached skill level 1 in Hexes
  1785 | D:3      | Reached skill level 1 in Charms
  1785 | D:3      | Reached skill level 1 in Summonings
  1785 | D:3      | Reached skill level 1 in Necromancy
  1785 | D:3      | Reached skill level 1 in Translocations
  1785 | D:3      | Reached skill level 1 in Transmutations
  1785 | D:3      | Reached skill level 1 in Fire Magic
  1785 | D:3      | Reached skill level 1 in Ice Magic
  1785 | D:3      | Reached skill level 1 in Air Magic
  1785 | D:3      | Reached skill level 1 in Earth Magic
  1785 | D:3      | Reached skill level 1 in Poison Magic
  1884 | D:3      | Found a basalt altar of Yredelemnul.
  2041 | D:3      | Found a glowing drain.
  2045 | Sewer    | Entered a sewer
  2132 | Sewer    | Reached XP level 5. HP: 40/47 MP: 4/6
  2233 | Sewer    | Upgraded the game from 0.22-a0-855-g415d086bb8 to 0.22-a0-866-geee50340df
  2378 | Sewer    | Noticed a big kobold
  2391 | Sewer    | Killed a big kobold
  2391 | Sewer    | Reached XP level 6. HP: 31/53 MP: 5/8
  2976 | D:4      | Reached skill level 5 in Short Blades
  3006 | D:4      | Reached XP level 7. HP: 44/59 MP: 7/10
  3969 | D:5      | Entered Level 5 of the Dungeon
  4093 | D:5      | Found a shadowy altar of Dithmenos.
  4122 | D:5      | Reached XP level 8. HP: 50/67 MP: 9/12
  4208 | D:5      | Got a twisted quarterstaff
  4349 | D:5      | Found an iron altar of Okawaru.
  4991 | D:6      | Identified the +6 quarterstaff "Lukhyqe" {holy, MP+9 Str-4 Int+4 Dex+4} (You found it on level 5 of the Dungeon)
  5143 | D:6      | Found a bloodstained altar of Trog.
  5179 | D:6      | Noticed Eustachio
  5189 | D:6      | Killed Eustachio
  5291 | D:6      | Found a radiant altar of Vehumet.
  5297 | D:6      | Found a runed gate.
  5299 | D:6      | Found a runed gate.
  5300 | D:6      | Found a runed gate.
  5301 | D:6      | Noticed Aequonox's ghost (novice DrCj)
  5419 | D:6      | Noticed Duvessa
  5420 | D:6      | Noticed Dowan
  5426 | D:6      | Killed Duvessa
  5429 | D:6      | Killed Dowan
  5839 | D:7      | Found a hazy altar of Hepliaklqana.
  5905 | D:7      | Reached XP level 9. HP: 72/72 MP: 14/14
  5921 | D:7      | Noticed Joseph
  5935 | D:7      | Killed Joseph
  6086 | D:7      | Found a staircase to the Ecumenical Temple.
  6099 | Temple   | Entered the Ecumenical Temple
  6282 | Temple   | Became a worshipper of Kikubaaqudgha
  6376 | D:7      | Found a deep blue altar of Sif Muna.
  6386 | D:7      | Learned a level 1 spell: Animate Skeleton
  6388 | D:7      | Learned a level 1 spell: Pain
  6514 | D:8      | Noticed Grum
  6799 | D:8      | Killed Grum
  7359 | D:8      | Reached skill level 5 in Invocations
  7522 | D:8      | Noticed a troll
  7542 | D:8      | Killed a troll
  7542 | D:8      | Reached XP level 10. HP: 33/80 MP: 12/17
  7546 | D:8      | Noticed a two-headed ogre
  7816 | D:8      | Learned a level 3 spell: Mephitic Cloud
  8055 | D:8      | Found a staircase to the Lair.
  8134 | D:8      | Reached skill level 5 in Long Blades
  8134 | D:8      | Reached skill level 5 in Axes
  8134 | D:8      | Reached skill level 5 in Maces & Flails
  8134 | D:8      | Reached skill level 5 in Polearms
  8134 | D:8      | Reached skill level 5 in Staves
  8134 | D:8      | Reached skill level 5 in Slings
  8134 | D:8      | Reached skill level 5 in Bows
  8134 | D:8      | Reached skill level 5 in Crossbows
  8134 | D:8      | Reached skill level 5 in Throwing
  8134 | D:8      | Reached skill level 5 in Dodging
  8134 | D:8      | Reached skill level 5 in Stealth
  8134 | D:8      | Reached skill level 5 in Unarmed Combat
  8134 | D:8      | Reached skill level 5 in Spellcasting
  8134 | D:8      | Reached skill level 5 in Evocations
  8204 | D:8      | Noticed a red ugly thing
  8222 | D:8      | Killed a red ugly thing
  8448 | Lair:1   | Entered Level 1 of the Lair of Beasts
  8564 | Lair:1   | Noticed a five-headed hydra
  8958 | Lair:1   | Learned a level 3 spell: Confuse
  9049 | Lair:1   | Reached * piety under Kikubaaqudgha
  9049 | Lair:1   | Identified Kikubaaqudgha's Papyrus of Unholy Magic (Kikubaaqudgha gifted it to you on level 1 of the Lair of Beasts)
  9049 | Lair:1   | Received a gift from Kikubaaqudgha
  9144 | Lair:1   | Killed a five-headed hydra
  9151 | Lair:1   | Learned a level 4 spell: Animate Dead
  9256 | Lair:1   | Noticed a five-headed hydra
  9266 | Lair:1   | Killed a five-headed hydra
  9266 | Lair:1   | Reached XP level 11. HP: 87/87 MP: 19/19
 10091 | Lair:2   | Reached skill level 5 in Conjurations
 10091 | Lair:2   | Reached skill level 5 in Hexes
 10091 | Lair:2   | Reached skill level 5 in Charms
 10091 | Lair:2   | Reached skill level 5 in Summonings
 10091 | Lair:2   | Reached skill level 5 in Necromancy
 10091 | Lair:2   | Reached skill level 5 in Translocations
 10091 | Lair:2   | Reached skill level 5 in Transmutations
 10091 | Lair:2   | Reached skill level 5 in Fire Magic
 10091 | Lair:2   | Reached skill level 5 in Ice Magic
 10091 | Lair:2   | Reached skill level 5 in Air Magic
 10091 | Lair:2   | Reached skill level 5 in Earth Magic
 10091 | Lair:2   | Reached skill level 5 in Poison Magic
 10124 | Lair:2   | Learned a level 3 spell: Regeneration
 10127 | Lair:2   | Learned a level 2 spell: Sublimation of Blood
 11861 | Lair:4   | Found a staircase to the Snake Pit.
 11889 | Lair:4   | Reached ** piety under Kikubaaqudgha
 12096 | Lair:4   | Reached XP level 12. HP: 91/96 MP: 22/22
 12252 | Lair:4   | Noticed a six-headed hydra
 12276 | Lair:4   | Killed a six-headed hydra
 13052 | Lair:5   | Noticed a death yak
 13141 | Lair:5   | HP: 2/145 [hippogriff (9)]
 13142 | Lair:5   | Demolished by a spiny frog

Vault maps used:
D:1:      shiori_arrival_elements, minmay_split_cup_large
D:2:      marbit_many_paths, lemuel_coloured_pillars_altar,
          gammafunk_temple_overflow_wave
D:3:      nicolae_ru_awakened_eye, old_standard_altar, gup_sewer_entry_bowl,
          first_ration, gammafunk_ghost_grave
D:5:      nicolae_overflow_crystal_walls, overflow_temple_1_default,
          st_stairs_4, minmay_crossroads
D:6:      grunt_temple_overflow_gold_and_silver, lemuel_crystal_altar,
          basic_altar, ebering_ghost_rock_garden, uniq_eustachio, uniq_duvessa
D:7:      old_standard_altar, lemuel_crystal_altar, minmay_temple_entry_mist,
          uniq_joseph
D:8:      erik_lair_island, uniq_grum
Temple:   jpeg_temple_island
Lair:2:   enter_volcano_3, infiniplex_staircase_pool_2
Lair:4:   elwin_shoals_entry_rooms, guppyfry_snake_entry_island,
          infiniplex_staircase_pool
Lair:5:   dpeg_slime_entry_enclosed_altar, minmay_lair_oklob_chamber,
          grunt_megastairs_2
Sewer:    sewer_minmay_treatment

Skill      XL: |  1  2  3  4  5  6  7  8  9 10 11 12 |
---------------+-------------------------------------+-----
Invocations    | 1 2 3 4 5 6 7 |  7.9
Long Blades    | 1 2 3 4 5 6 7 |  7.2
Axes           | 1 2 3 4 5 6 7 |  7.2
Maces & Flails | 1 2 3 4 5 6 7 |  7.2
Polearms       | 1 2 3 4 5 6 7 |  7.2
Staves         | 1 2 3 4 5 6 7 |  7.2
Slings         | 1 2 3 4 5 6 7 |  7.2
Bows           | 1 2 3 4 5 6 7 |  7.2
Crossbows      | 1 2 3 4 5 6 7 |  7.2
Throwing       | 1 2 3 4 5 6 7 |  7.2
Dodging        | 1 2 3 4 5 6 7 |  7.2
Stealth        | 1 2 3 4 5 6 7 |  7.2
Unarmed Combat | 1 2 3 4 5 6 7 |  7.2
Spellcasting   | 1 2 3 4 5 6 7 |  7.2
Evocations     | 1 2 3 4 5 6 7 |  7.2
Conjurations   | 1 2 3 4 5 6 |  6.0
Hexes          | 1 2 3 4 5 6 |  6.0
Charms         | 1 2 3 4 5 6 |  6.0
Summonings     | 1 2 3 4 5 6 |  6.0
Necromancy     | 1 2 3 4 5 6 |  6.0
Translocations | 1 2 3 4 5 6 |  6.0
Transmutations | 1 2 3 4 5 6 |  6.0
Fire Magic     | 1 2 3 4 5 6 |  6.0
Ice Magic      | 1 2 3 4 5 6 |  6.0
Air Magic      | 1 2 3 4 5 6 |  6.0
Earth Magic    | 1 2 3 4 5 6 |  6.0
Poison Magic   | 1 2 3 4 5 6 |  6.0
Short Blades   | 5 6 7 8 |  8.6
Fighting       | 7 8 9 |  9.8
Armour         | 7 8 9 |  9.8
Shields        | 7 8 9 |  9.8

Action                   |  1- 3 |  4- 6 |  7- 9 | 10-12 || total
-------------------------+-------+-------+-------+-------++-------
Melee: Rapier            |   111 |   206 |       |       ||   317
       Bite              |    14 |    15 |    37 |    92 ||   158
       Short sword       |       |    28 |   145 |       ||   173
       Quarterstaff      |       |       |   190 |   479 ||   669
 Cast: Pain              |       |       |       |    20 ||    20
       Animate Skeleton  |       |       |       |    10 ||    10
       Animate Dead      |       |       |       |     4 ||     4
       Confuse           |       |       |       |     2 ||     2
       Mephitic Cloud    |       |       |       |     1 ||     1
       Regeneration      |       |       |       |     5 ||     5
Invok: Receive Corpses   |       |       |       |     1 ||     1
Evoke: Wand              |       |       |       |     8 ||     8
  Use: Scroll            |     7 |     6 |     5 |     3 ||    21
       Potion            |       |       |     1 |     3 ||     4
 Stab: Sleeping          |       |       |       |     4 ||     4
       Confused          |       |       |       |     3 ||     3
       Distracted        |       |       |       |     1 ||     1
  Eat: Chunk             |     1 |     6 |    16 |     9 ||    32
       Ration            |       |       |       |     3 ||     3
Armor: Scale mail        |    45 |    62 |    81 |     9 ||   197
       Troll leather arm |       |       |       |   121 ||   121
Dodge: Dodged            |    25 |   125 |   248 |   657 ||  1055
Block: Shield            |    54 |   147 |    70 |       ||   271

Table legend:
 A = Spawn XP
 B = Non-spawn XP
 C = Spawn XP percentage of total XP
 D = Spawn monster count
 E = Non-spawn monster count
 F = Spawn count percentage of total count
 G = Total turns spent on level
                    A         B        C        D         E        F      G
               +---------+---------+-------+---------+---------+-------+---------
         Total |       0 |   25097 |   0.0 |       0 |     285 |   0.0 | 13142
               +---------+---------+-------+---------+---------+-------+---------
           D:1 |       0 |      56 |   0.0 |       0 |      24 |   0.0 |   827
           D:2 |       0 |      61 |   0.0 |       0 |      25 |   0.0 |   791
           D:3 |       0 |      30 |   0.0 |       0 |      13 |   0.0 |   604
           D:4 |       0 |     576 |   0.0 |       0 |      25 |   0.0 |  1062
           D:5 |       0 |     584 |   0.0 |       0 |      15 |   0.0 |   968
           D:6 |       0 |     744 |   0.0 |       0 |      14 |   0.0 |   885
           D:7 |       0 |    1411 |   0.0 |       0 |      13 |   0.0 |   753
           D:8 |       0 |    2748 |   0.0 |       0 |      30 |   0.0 |  1674
        Lair:1 |       0 |    3478 |   0.0 |       0 |      16 |   0.0 |  1348
        Lair:2 |       0 |    2236 |   0.0 |       0 |      11 |   0.0 |   937
        Lair:3 |       0 |    4980 |   0.0 |       0 |      17 |   0.0 |  1083
        Lair:4 |       0 |    5541 |   0.0 |       0 |      25 |   0.0 |  1220
        Lair:5 |       0 |    2442 |   0.0 |       0 |       9 |   0.0 |   106
         Sewer |       0 |     210 |   0.0 |       0 |      48 |   0.0 |   685
               +---------+---------+-------+---------+---------+-------+---------
